 Dungeon Crawl Stone Soup version 0.18.1-8-gdd0e5ea (webtiles) character file.

138 cruasano the Skirmisher (level 5, 0/46 HPs)
             Began as a Draconian Berserker on June 2, 2016.
             Was a Priest of Trog.
             Slain by Britaniac's ghost (12 damage)
             ... on level 3 of the Dungeon.
             The game lasted 00:11:45 (2509 turns).

cruasano the Skirmisher (Draconian Berserker)       Turns: 2509, Time: 00:11:46

Health: 0/46       AC: 10    Str: 20    XL:     5   Next: 1%
Magic:  5/5        EV: 13    Int:  7    God:    Trog [***...]
Gold:   92         SH:  0    Dex: 11    Spells: 0 memorised, 4 levels left

rFire  . . .     SeeInvis .     c - +0 mace (protect)
rCold  . . .     Gourm    .     (armour unavailable)
rNeg   . . .     Faith    .     (no shield)
rPois  .         Spirit   .     (helmet restricted)
rElec  .         Dismiss  .     (no cloak)
rCorr  .         Reflect  .     (no gloves)
SustAt .         Harm     .     (no boots)
MR     .....                    (no amulet)
Stlth  +.........               (no ring)
                                (no ring)

@: lethally poisoned (0 -> -2), about to teleport, not resistant to hostile
enchantments, very unstealthy
A: unfitting armour, cold-blooded, AC +5
a: Berserk, Trog's Hand, Burn Spellbooks, Renounce Religion


You were on level 3 of the Dungeon.
You worshipped Trog.
Trog was most pleased with you.
You were not hungry.

You visited 1 branch of the dungeon, and saw 3 of its levels.

You collected 92 gold pieces.

Inventory:

Hand Weapons
 a - a +0 spear
 c - a +0 mace of protection (weapon)
 f - a +0 trident
 g - a +0 dagger
 i - a +0 hunting sling
Missiles
 n - 13 sling bullets
Armour
 d - a +0 leather armour
Scrolls
 e - 2 scrolls of remove curse
 h - a scroll of teleportation
 o - a scroll of identify
Potions
 j - 2 potions of curing {unknown}
 k - a potion of mutation
 m - a potion of degeneration {unknown}
Comestibles
 b - a bread ration
 l - 3 chunks of flesh
 p - a beef jerky


   Skills:
 + Level 4.2 Fighting
 + Level 1.6 Maces & Flails
 + Level 3.2 Polearms
 + Level 3.9 Dodging
 + Level 1.2 Stealth


You had 4 spell levels left.
You didn't know any spells.

Dungeon Overview and Level Annotations

Branches:
Dungeon (3/15)

Altars:
Okawaru
The Shining One

Annotations:
D:3 Britaniac's ghost, amateur GrFi


Innate Abilities, Weirdness & Mutations

Your plain brown scales are hard (AC +5).
Your body does not fit into most forms of armour.
You are cold-blooded and may be slowed by cold attacks.


Message History

Read which item? (? for menu, Esc to quit)
Read which item? (? for menu, Esc to quit)
You don't have any such object.
Read which item? (? for menu, Esc to quit)
As you read the scroll of teleportation, it crumbles to dust.
You feel strangely unstable.
You feel sick. The bat barely misses you.
The adder bites you but does no damage. Britaniac's ghost hits you!
* * * LOW HITPOINT WARNING * * *
Unknown command.
Unknown command.
Read which item? (? for menu, Esc to quit)
As you read the scroll of teleportation, it crumbles to dust.
You feel strangely stable. The adder closely misses you.
Britaniac's ghost hits you but does no damage.
Unknown command.
Read which item? (? for menu, Esc to quit)
As you read the scroll of teleportation, it crumbles to dust.
You feel strangely unstable. The adder closely misses you.
Britaniac's ghost hits you!
You die...

..#.# #.#
###
........
#########.#
........
#.........#
....####
#.#########
....>. #.#
######.
##.##### #
#......#
#..###.#
#S@# #..W.#
.........
>..##.##$.
.. .. ... .
... ....
.?._ ..#.#
[... ..#.#


You could see Britaniac's ghost and an adder.

Vanquished Creatures
  Natasha (twice) (D:3)
  2 adders (D:2)
  A worm (D:2)
  A dart slug (D:3)
  2 giant geckos
  An orc (D:2)
  3 bats
  7 giant cockroaches
  13 goblins
  A hobgoblin (D:1)
  8 jackals
  2 kobolds
  A ball python (D:1)
  4 giant newts
  14 rats
62 creatures vanquished.

Notes
Turn   | Place    | Note
--------------------------------------------------------------
     0 | D:1      | cruasano the Draconian Berserker began the quest for the Orb.
     0 | D:1      | Reached XP level 1. HP: 19/19 MP: 1/1
   334 | D:1      | Reached XP level 2. HP: 26/26 MP: 2/2
   691 | D:1      | Reached ** piety under Trog
   863 | D:2      | Reached XP level 3. HP: 28/33 MP: 3/3
   937 | D:2      | Found a glowing golden altar of the Shining One.
  1231 | D:2      | Found a faded altar to an unknown god.
  1238 | D:2      | Reached skill level 4 in Fighting
  1285 | D:2      | Reached skill level 1 in Maces & Flails
  1637 | D:2      | Reached XP level 4. HP: 40/40 MP: 4/4
  2161 | D:3      | Noticed Natasha
  2176 | D:3      | Killed Natasha
  2176 | D:3      | Reached skill level 1 in Stealth
  2221 | D:3      | Noticed Natasha
  2228 | D:3      | Killed Natasha
  2348 | D:3      | Reached *** piety under Trog
  2450 | D:3      | Reached XP level 5. HP: 30/46 MP: 5/5
  2498 | D:3      | Found an iron altar of Okawaru.
  2498 | D:3      | Noticed Britaniac's ghost (amateur GrFi)
  2509 | D:3      | Slain by Britaniac's ghost

Skill      XL: |  1  2  3  4 |
---------------+-------------+-----
Dodging        | 3 |  3.9
Fighting       | 4 |  4.2
Maces & Flails | 1 |  1.6
Stealth        | 1 |  1.2
Polearms       | |  3.2

Action                   |  1- 3 |  4- 6 || total
-------------------------+-------+-------++-------
Melee: Spear             |    15 |       ||    15
       Mace              |   102 |    86 ||   188
       Tailslap          |     5 |    11 ||    16
  Use: Scroll            |     7 |     5 ||    12
 Stab: Sleeping          |     1 |     1 ||     2
  Eat: Chunk             |     2 |     2 ||     4
       Beef jerky        |       |     1 ||     1
Armor: Skin              |    67 |    55 ||   122
Dodge: Dodged            |   114 |   103 ||   217
